 Dungeon Crawl Stone Soup version 0.20.1-1-g8b1a95d (webtiles) character file.

812 gobwax the Spear-Bearer (level 7, -2/50 HPs)
             Began as a Merfolk Skald on Sept 8, 2017.
             Slain by an ogre
             ... wielding a cursed +0 giant spiked club
              (21 damage)
             ... on level 6 of the Dungeon.
             The game lasted 00:08:12 (5097 turns).

gobwax the Spear-Bearer (Merfolk Skald)             Turns: 5097, Time: 00:08:13

Health: -2/50      AC:  5    Str: 11    XL:     7   Next: 93%
Magic:  2/10       EV: 12    Int: 15    God:
Gold:   270        SH:  0    Dex: 13    Spells: 4/10 levels left

rFire    . . .     SeeInvis .   a - +1 spear
rCold    . . .     Gourm    .   (no shield)
rNeg     . . .     Faith    +   b - +1 leather armour
rPois    .         Spirit   .   i - +0 helmet
rElec    .         Reflect  .   (no cloak)
rCorr    .         Harm     .   (no gloves)
MR       .....                  (no boots)
Stlth    +.........             s - amulet of faith
Regen    0.2/turn               (no ring)
MPRegen  0.2/turn               (no ring)

@: infused, very slightly contaminated
A: change form in water, swift swim, stealthy swim
a: no special abilities


You were on level 6 of the Dungeon.
You were very hungry.

You visited 1 branch of the dungeon, and saw 6 of its levels.

You collected 270 gold pieces.

Inventory:

Hand Weapons
 a - a +1 spear (weapon)
Armour
 b - a +1 leather armour (worn)
 i - a +0 helmet (worn)
Jewellery
 n - an uncursed amulet of inaccuracy
 s - an amulet of faith (around neck)
Wands
 k - a wand of digging (19/24)
Scrolls
 m - a scroll of fear {unknown}
 t - 3 scrolls of amnesia {unknown}
 u - a scroll of enchant armour
 v - a scroll of recharging {unknown}
 x - a scroll of vulnerability {unknown}
Potions
 h - 3 potions of cancellation
 j - a potion of curing
 o - a potion of haste
 q - a potion of degeneration {unknown}
 r - a potion of brilliance
 w - a potion of might
 z - 2 potions of flight {unknown}
Books
 c - a book of Battle

   Spells                             Type                      Level
   a - Infusion                       Charms                       1
   b - Shroud of Golubria             Charms/Translocation         2
   c - Song of Slaying                Charms                       2
   d - Spectral Weapon                Hexes/Charms                 3
   e - Regeneration                   Charms/Necromancy            3
 e - a book of Minor Magic

   Spells                             Type                      Level
   a - Magic Dart                     Conjuration                  1
   b - Blink                          Translocation                2
   c - Call Imp                       Summoning                    2
   d - Slow                           Hexes                        2
   e - Conjure Flame                  Conjuration/Fire             3
   f - Mephitic Cloud                 Conjuration/Poison/Air       3
Comestibles
 d - 5 bread rations
 f - 2 fruits
 g - 2 royal jellies
 l - 2 meat rations


   Skills:
 - Level 2.1 Fighting
 * Level 12.2 Polearms
 - Level 0.6 Armour
 - Level 2.6 Dodging
 - Level 2.0 Spellcasting
 - Level 3.2 Charms


You had 4 spell levels left.
You knew the following spells:

 Your Spells              Type           Power        Failure   Level  Hunger
a - Infusion              Chrm           ##..         8%          1    #......
b - Song of Slaying       Chrm           ##......     12%         2    ###....
c - Regeneration          Chrm/Necr      #.........   41%         3    ###....


Dungeon Overview and Level Annotations

Branches:
Dungeon (6/15)
 Temple: D:4-7

Altars:
Dithmenos
Gozag
Nemelex Xobeh
Okawaru
Ru
Sif Muna
Vehumet

Shops:
D:5 (

Annotations:
D:5 Pikel


Message History

An ogre comes into view. It is wielding a giant spiked club.
The ogre shouts!
There is a stone staircase leading up here.
Found a buckler.
You see here a buckler.
Casting: Infusion
Confirm with . or Enter, or press ? or * to list all spells.
Okay, then.
Casting: Infusion
Confirm with . or Enter, or press ? or * to list all spells.
You miscast Regeneration.
You feel very uncomfortable.
You are feeling very hungry.
Casting: Regeneration
Confirm with . or Enter, or press ? or * to list all spells.
You miscast Regeneration.
Your hands glow momentarily.
Casting: Regeneration
Confirm with . or Enter, or press ? or * to list all spells.
You begin infusing your attacks with magical energy.
The ogre hits you with a giant spiked club!!
You die...

#########
....#..
#...########
#..<.......#
#.....#.#..#
######........#
#...O.........#
#.######...#.##
#...[..O@.....#
##########.####
... .## .


You could see an ogre.

Vanquished Creatures
  Sigmund (D:3)
  A phantom (D:4)
  An ogre (D:5)
  Blork the orc (D:4)
  A centaur zombie (D:5)
  A hound (D:5)
  An orc priest (D:4)
  An orc wizard (D:4)
  Terence (D:3)
  Ijyb (D:4)
  Natasha (D:4)
  A worker ant (D:5)
  10 adders
  3 gnolls (D:3)
  An ooze (D:2)
  An adder skeleton (D:5)
  3 worms
  A dart slug (D:3)
  2 leopard geckos
  6 orcs
  4 giant cockroaches
  7 goblins
  5 hobgoblins
  3 jackals (D:3)
  3 quokkas
  5 ball pythons
  7 bats
  3 frilled lizards
  7 kobolds
  2 quokka skeletons
  9 rats
94 creatures vanquished.

Notes
Turn   | Place    | Note
-------+----------+-------------------------------------------
     0 | D:1      | gobwax the Merfolk Skald began the quest for the Orb.
     0 | D:1      | Reached XP level 1. HP: 16/16 MP: 3/3
   122 | D:1      | Reached skill level 4 in Polearms
   122 | D:1      | Reached XP level 2. HP: 19/22 MP: 5/5
   439 | D:2      | Reached skill level 5 in Polearms
   439 | D:2      | Reached XP level 3. HP: 13/27 MP: 2/6
   916 | D:2      | Reached skill level 6 in Polearms
   933 | D:2      | Reached XP level 4. HP: 33/33 MP: 1/7
  1162 | D:2      | Found a shadowy altar of Dithmenos.
  1497 | D:3      | Noticed Sigmund
  1557 | D:3      | Killed Sigmund
  1557 | D:3      | Reached skill level 8 in Polearms
  1557 | D:3      | Reached XP level 5. HP: 15/38 MP: 2/8
  1697 | D:3      | Reached XP level 6. HP: 11/44 MP: 9/9
  2224 | D:3      | Found a sparkling altar of Nemelex Xobeh.
  2224 | D:3      | Noticed Terence
  2225 | D:3      | Found an opulent altar of Gozag.
  2275 | D:3      | Killed Terence
  2275 | D:3      | Reached skill level 9 in Polearms
  2845 | D:3      | Found a deep blue altar of Sif Muna.
  3312 | D:4      | Noticed Natasha
  3329 | D:4      | Killed Natasha
  3528 | D:4      | Learned a level 2 spell: Song of Slaying
  3532 | D:4      | Learned a level 3 spell: Regeneration
  3703 | D:4      | Noticed a phantom
  3718 | D:4      | Killed a phantom
  3718 | D:4      | Reached skill level 10 in Polearms
  3718 | D:4      | Reached XP level 7. HP: 46/50 MP: 4/10
  3720 | D:4      | Noticed Blork the orc
  3749 | D:4      | Killed Blork the orc
  4036 | D:4      | Noticed Ijyb
  4048 | D:4      | Killed Ijyb
  4052 | D:4      | Reached skill level 11 in Polearms
  4463 | D:5      | Entered Level 5 of the Dungeon
  4902 | D:5      | Found a deep blue altar of Sif Muna.
  5008 | D:5      | Found Poefupew's Weapon Boutique.
  5045 | D:5      | Found a sacrificial altar of Ru.
  5048 | D:5      | Found an iron altar of Okawaru.
  5052 | D:5      | Reached skill level 12 in Polearms
  5054 | D:5      | Found a radiant altar of Vehumet.
  5062 | D:5      | Noticed Pikel
  5097 | D:6      | Slain by an ogre

Skill      XL: |  1  2  3  4  5  6  7 |
---------------+----------------------+-----
Polearms       | 4 5 6 8 10 12 | 12.2
Fighting       | |  2.1
Armour         | |  0.6
Dodging        | |  2.6
Spellcasting   | |  2.0
Charms         | |  3.2

Action                   |  1- 3 |  4- 6 |  7- 9 || total
-------------------------+-------+-------+-------++-------
Melee: Spear             |   137 |   248 |   142 ||   527
 Cast: Infusion          |     4 |    13 |    11 ||    28
       Song of Slaying   |       |       |     1 ||     1
  Use: Scroll            |     5 |       |     4 ||     9
       Potion            |       |     6 |       ||     6
 Stab: Sleeping          |     1 |     1 |       ||     2
  Eat: Royal jelly       |       |     1 |       ||     1
       Chunk             |       |     7 |     4 ||    11
Armor: Leather armour    |    23 |    28 |    18 ||    69
Dodge: Dodged            |    51 |    98 |    50 ||   199
